 Dungeon Crawl Stone Soup version 0.31-a0-200-gbc41564c69 (webtiles) character file.

Game seed: 2817977382366590660

156 qw the Skirmisher (level 5, -5/29 HPs)
             Began as a Deep Elf Hunter on June 25, 2023.
             Slain by a steam dragon (9 damage)
             ... on level 4 of the Dungeon.
             The game lasted 00:00:49 (2077 turns).

qw the Skirmisher (Deep Elf Hunter)                 Turns: 2077, Time: 00:00:50

Health: -5/29      AC:  9    Str: 10    XL:     5   Next: 15%
Magic:  7/7        EV: 11    Int: 12    God:
Gold:   129        SH:  0    Dex: 20    Spells: 4/4 levels left

rFire   . . .        e - +2 sling of Corporal Punishment {flame, Int+3 Dex+2 SInv}
rCold   + + .        (no shield)
rNeg    . . .        i - +2 ring mail
rPois   .            (no helmet)
rElec   +            a - +0 cloak
rCorr   .            (no gloves)
SInv    +            d - +0 pair of boots
Will    +....        (no amulet)
Stlth   +            b - ring of the Monkey {Fly rElec rC++ Will+ Int-5}
HPRegen 0.24/turn    (no ring)
MPRegen 0.10/turn

%: no passive effects
@: flying
A: no striking features
a: no special abilities


You were on level 4 of the Dungeon.
You visited 1 branch of the dungeon, and saw 4 of its levels.

You collected 129 gold pieces.


   Skills:
 - Level 1.5 Fighting
 + Level 8.6 Ranged Weapons
 - Level 2.4 Dodging
 - Level 1.2 Stealth


You had 4 spell levels left.
You didn't know any spells.
Your spell library was empty.

Inventory:

Hand Weapons
 e - the +2 sling of Corporal Punishment (weapon) {flame, Int+3 Dex+2 SInv}
   (You found it on level 3 of the Dungeon)

   Int:       It affects your intelligence (+3).
   Dex:       It affects your dexterity (+2).
   SInv:      It lets you see invisible.
Armour
 a - a +0 cloak (worn)
 d - a +0 pair of boots (worn)
 i - a +2 ring mail (worn)
Jewellery
 b - the ring of the Monkey (left hand) {Fly rElec rC++ Will+ Int-5}
   (You found it on level 3 of the Dungeon)

   [ring of flight]

   Int:       It affects your intelligence (-5).
   rC:        It greatly protects you from cold.
   rElec:     It insulates you from electricity.
   Fly:       It grants you flight.
   Will:      It increases your willpower.
Potions
 h - a potion of resistance {unknown}
 k - a potion of curing {unknown}

Dungeon Overview and Level Annotations

Branches:
Dungeon (4/15)
 Temple: D:4-7

Altars:
Uskayaw

Shops:
D:1 (


Message History

You kill the orc priest!
You have reached level 5!
You see here a +0 flail.
A steam dragon is nearby!
You shoot a sling bullet. The steam dragon hisses angrily.
The sling bullet hits the steam dragon but does no damage.
You shoot a sling bullet.
The sling bullet barely misses the steam dragon.
You shoot a sling bullet. The sling bullet hits the steam dragon!
The sling bullet burns the steam dragon.
The steam dragon is moderately wounded.
You shoot a sling bullet.
The sling bullet barely misses the steam dragon.
The steam dragon breathes steam at you. The ball of steam hits you!
Ouch! That really hurt!
You hear a shout! x2
2072 ||| Stepping ~*~*~tactically~*~*~ (cloud).
You shoot a sling bullet. The sling bullet hits the steam dragon!
The sling bullet burns the steam dragon.
The steam dragon is heavily wounded.
You shoot a sling bullet.
The sling bullet completely misses the steam dragon.
You shoot a sling bullet. The sling bullet hits the steam dragon!
The sling bullet burns the steam dragon.
The steam dragon is almost dead.
The steam dragon bites you but does no damage.
The steam dragon closely misses you.
You shoot a sling bullet. The sling bullet hits the steam dragon.
The sling bullet burns the steam dragon.
The steam dragon is almost dead.
The steam dragon breathes steam at you. The ball of steam hits you!
You hear a shout!
You shoot a sling bullet.
The sling bullet completely misses the steam dragon.
You are engulfed in a cloud of scalding steam.
The steam dragon bites you!
You die...

#...#.... #....#
####.# . #.(.o# ###
..###....####.#
#...........#..##
#...#......)....#
... ##.........##
....#.[.D@¤¤...#
.........)..¤##
....#..###...####
.....####.......###
?...# #.........#
.### ###.....###
####.## ###


You could see a steam dragon (catching breath) and an orc.

Vanquished Creatures
  2 orc priests (D:4)
  An orc wizard (D:4)
  2 adders
  A worm (D:2)
  A dart slug (D:3)
  2 orcs (D:4)
  4 bats
  5 endoplasms
  2 giant cockroaches (D:1)
  5 goblins
  5 hobgoblins
  2 jackals (D:1)
  2 quokkas (D:1)
  4 ball pythons
  3 frilled lizards
  5 kobolds
  6 rats
52 creatures vanquished.

Notes
Turn   | Place    | Note
-------+----------+-------------------------------------------
     0 | D:1      | qw the Deep Elf Hunter began the quest for the Orb.
     0 | D:1      | Reached XP level 1. HP: 12/12 MP: 3/3
     0 | D:1      | 0 ||| qw: Version: 0.3-a-22-g0ed2b0b
     0 | D:1      | 0 ||| qw: Game counter: 5621
     0 | D:1      | 0 ||| qw: Melee chars always use a shield: true
     0 | D:1      | 0 ||| qw: God list: Okawaru
     0 | D:1      | 0 ||| qw: Allow faded altars: false
     0 | D:1      | 0 ||| qw: Do Orc after clearing Dungeon:15 true
     0 | D:1      | 0 ||| qw: Do second Lair branch before Depths: true
     0 | D:1      | 0 ||| qw: Lair rune preference: random
     0 | D:1      | 0 ||| qw: Goals: Normal
     0 | D:1      | 0 ||| PLANNING D:1-11
   191 | D:1      | Reached skill level 6 in Ranged Weapons
   191 | D:1      | Reached XP level 2. HP: 15/16 MP: 4/4
   425 | D:1      | Found Juelept's Antique Weapon Boutique.
   435 | D:1      | 435 ||| SHOPLISTING glimmering orcbow (170 gold, have 30).
   435 | D:1      | 435 ||| SHOPLISTING runed sling (90 gold, have 30).
   546 | D:1      | Found a faded altar of an unknown god.
   802 | D:1      | 802 ||| UPGRADING to +0 ring mail.
   812 | D:1      | 812 ||| DROPPING +0 leather armour.
   813 | D:1      | 813 ||| READING 2 scrolls labelled JIWOTHR ROSUMN.
   814 | D:1      | 814 ||| READING scroll labelled TAMAOR XENIRCHEQU.
   815 | D:1      | 815 ||| READING 3 scrolls labelled CEOHEV UREMP.
   816 | D:1      | 816 ||| READING 2 scrolls of enchant armour.
   816 | D:1      | 816 ||| ENCHANTING +0 ring mail.
   817 | D:1      | 817 ||| READING scroll of enchant armour.
   817 | D:1      | 817 ||| ENCHANTING +1 ring mail.
   818 | D:1      | 818 ||| READING scroll labelled JATUL CEYHADGHE.
   819 | D:1      | 819 ||| READING scroll labelled GERYBB JUBALEU.
   820 | D:1      | 820 ||| DROPPING scroll of blinking.
   821 | D:1      | 821 ||| DROPPING scroll of butterflies.
   848 | D:2      | Found a hide-covered altar of Uskayaw.
   851 | D:2      | Reached XP level 3. HP: 20/20 MP: 5/5
   869 | D:2      | 869 ||| FLEEEEING.
   870 | D:2      | 870 ||| FLEEEEING.
   871 | D:2      | 871 ||| FLEEEEING.
   872 | D:2      | 872 ||| FLEEEEING.
  1049 | D:2      | Reached skill level 7 in Ranged Weapons
  1597 | D:2      | 1597 ||| UPGRADING to +0 cloak.
  1680 | D:3      | Identified the ring of the Monkey {Fly rElec rC++ Will+
                  | Int-5}
  1804 | D:3      | Identified the +2 sling of Corporal Punishment {flame,
                  | Int+3 Dex+2 SInv}
  1806 | D:3      | 1806 ||| SWAPPING to +2 sling of Corporal Punishment
                  | {flame, Int+3 Dex+2 SInv}.
  1807 | D:3      | 1807 ||| DROPPING +0 shortbow.
  1904 | D:3      | 1904 ||| UPGRADING to +0 pair of boots.
  1909 | D:3      | 1909 ||| UPGRADING to ring of the Monkey {Fly rElec rC++
                  | Will+ Int-5}.
  1910 | D:3      | 1910 ||| DRINKING 3 fizzy orange potions.
  1938 | D:3      | 1938 ||| DROPPING 2 potions of lignification.
  1980 | D:4      | Reached XP level 4. HP: 25/25 MP: 6/6
  1987 | D:4      | 1987 ||| FLEEEEING.
  1989 | D:4      | 1989 ||| FLEEEEING.
  1990 | D:4      | 1990 ||| FLEEEEING.
  1991 | D:4      | 1991 ||| FLEEEEING.
  1992 | D:4      | 1992 ||| FLEEEEING.
  1993 | D:4      | 1993 ||| STAIRDANCE
  2025 | D:4      | 2025 ||| STAIRDANCE
  2025 | D:4      | Noticed a steam dragon
  2060 | D:4      | Reached skill level 8 in Ranged Weapons
  2065 | D:4      | Reached XP level 5. HP: 29/29 MP: 7/7
  2072 | D:4      | 2072 ||| Stepping ~*~*~tactically~*~*~ (cloud).
  2076 | D:4      | HP: 4/29 [steam dragon/ball of steam (10)]
  2077 | D:4      | Slain by a steam dragon

Levels and vault maps discovered:
D:1:      evilmike_arrival_hilbert_curve, layout_basic, serial_shops,
          nicolae_shop_competitors_out_of_business,
          chequers_ecumenical_altar_island
D:2:      layout_loops_corners, basic_altar, wad_floor_pattern_2
D:3:      layout_rooms
D:4:      layout_cave_pools, mainiacjoe_overflow_alcove_1, uniq_grinder

Skill      XL: |  1  2  3  4 |
---------------+-------------+-----
Ranged Weapons | 6 7 8 |  8.6
Fighting       | |  1.5
Dodging        | |  2.4
Stealth        | |  1.2

Action                     |  1- 3 |  4- 6 || total
---------------------------+-------+-------++-------
   Fire: Shortbow          |   133 |       ||   133
         Sling             |     3 |    23 ||    26
    Use: Scroll            |     7 |       ||     7
         Potion            |     1 |       ||     1
 Armour: Leather armour    |     8 |       ||     8
         Ring mail         |     4 |     3 ||     7
  Dodge: Dodged            |    28 |     1 ||    29

Table legend:
 A = Non-vault XP
 B = Vault XP
 C = Vault XP percentage of total XP
 D = Non-vault monster count
 E = Vault monster count
 F = Vault count percentage of total count
                 A         B        C        D         E       F
            +---------+---------+-------+---------+---------+-------
      Total |     224 |       0 |   0.0 |      52 |       0 |   0.0
            +---------+---------+-------+---------+---------+-------
        D:1 |      40 |       0 |   0.0 |      25 |       0 |   0.0
        D:2 |      32 |       0 |   0.0 |      12 |       0 |   0.0
        D:3 |      16 |       0 |   0.0 |       9 |       0 |   0.0
        D:4 |     136 |       0 |   0.0 |       6 |       0 |   0.0
            +---------+---------+-------+---------+---------+-------
